 Dungeon Crawl Stone Soup version 0.31-a0-920-g28cbb04a8c (webtiles) character file.

Game seed: 17483859602769795352

616 Moonkey the Conjurer (level 7, -5/40 HPs)
             Began as a Deep Elf Conjurer on Oct 18, 2023.
             Was an Initiate of Vehumet.
             Slain by Duvessa
             ... wielding a +0 short sword
              (9 damage)
             ... on level 5 of the Dungeon.
             The game lasted 00:18:57 (5103 turns).

Moonkey the Conjurer (Deep Elf Conjurer)            Turns: 5103, Time: 00:18:57

Health: -5/40      AC:  6    Str:  4    XL:     7   Next: 21%
Magic:  2/17       EV: 13    Int: 29    God:    Vehumet [......]
Gold:   325        SH:  0    Dex: 13    Spells: 10/17 levels left

rFire   . . .        t - staff of cold
rCold   + . .        (no shield)
rNeg    . . .        a - +0 robe
rPois   .            l - +1 hat
rElec   .            e - +2 cloak of Vebix {Int+4}
rCorr   .            (no gloves)
SInv    .            (no boots)
Will    .....        (no amulet)
Stlth   +++          (no ring)
HPRegen 0.26/turn    (no ring)
MPRegen 0.15/turn

%: no passive effects
@: no status effects
A: no striking features
a: Renounce Religion


You were on level 5 of the Dungeon.
You worshipped Vehumet.
Vehumet was noncommittal.
You visited 2 branches of the dungeon, and saw 6 of its levels.
You also visited: Sewer.

You collected 325 gold pieces.

Inventory:

Hand Weapons
 q - the +7 Throatcutter {drain, coup de grace}
   (You took it off Terence on level 3 of the Dungeon)
Missiles
 p - 5 poisoned darts (quivered)
Armour
 a - a +0 robe (worn)
 e - the +2 cloak of Vebix (worn) {Int+4}
   (You acquired it on level 4 of the Dungeon)

   Int+4:     It affects your intelligence (+4).
 l - a +1 hat (worn)
 u - a +0 kite shield
Magical Staves
 t - a staff of cold (weapon)
Scrolls
 f - 3 scrolls of teleportation
 g - a scroll of noise
 i - a scroll of fear
 r - a scroll of vulnerability
 s - a scroll of butterflies {unknown}
Potions
 b - a potion of magic
 c - 2 potions of curing {unknown}
 d - 3 potions of haste {unknown}
 h - a potion of mutation {unknown}
 j - a potion of heal wounds {unknown}
 k - a potion of experience {unknown}
 m - a potion of ambrosia {unknown}
 n - 4 potions of enlightenment
 o - a potion of invisibility {unknown}
 v - a potion of attraction {unknown}
 w - a potion of resistance {unknown}


   Skills:
 * Level 2.7 Fighting
 + Level 4.0 Dodging
 + Level 4.1 Stealth
 * Level 5.8 Spellcasting
 * Level 6.0 Conjurations
 + Level 2.0 Translocations


You had 10 spell levels left.
You knew the following spells:

 Your Spells              Type           Power      Damage    Failure   Level
a - Magic Dart            Conj           100%       1d8       1%          1
b - Searing Ray           Conj           86%        2d7       1%          2
c - Iskenderun's Mystic   Conj/Tloc      31%        2d8       11%         4

Your spell library contained the following spells:

 Spells                   Type           Power      Damage    Failure   Level
 Dazzling Flash           Conj/Hex       50%        N/A       4%          3
 Mephitic Cloud           Conj/Pois/Air  20%        N/A       8%          3
 Call Imp                 Summ           16%        N/A       9%          2
 Poisonous Vapours        Pois/Air       16%        N/A       9%          2
 Fulminant Prism          Conj/Hex       12%        3d8       17%         4
 Freezing Cloud           Conj/Ice/Air   15%        6-21      56%         5


Dungeon Overview and Level Annotations

Branches:
Dungeon (5/15)             Temple (1/1) D:4           Sewer (visited)

Altars:
Cheibriados
Dithmenos
Elyvilon
Kikubaaqudgha
Makhleb
Nemelex Xobeh
Okawaru
Qazlal
Ru
Trog
Uskayaw
Vehumet
Wu Jian
Xom
Zin
The Shining One

Annotations:
D:5 Duvessa


Message History

Duvessa is lightly wounded.
Duvessa hits you with a +0 short sword! Duvessa hits you with a +0 short sword.
The searing ray hits Duvessa!
Duvessa is moderately wounded.
You finish channelling your searing ray.
Duvessa hits you with a +0 short sword!
Casting: Searing Ray (safe; 1% risk of failure)
Confirm with . or Enter, or press ? or * to list all spells.
You erupt in a blast of force!
The mystic blast hits Duvessa.
Duvessa is moderately wounded.
Duvessa is knocked back by the mystic blast.
Unknown command.
Casting: Iskenderun's Mystic Blast (quite dangerous; 11% risk of failure)
Confirm with . or Enter, or press ? or * to list all spells.
You erupt in a blast of force!
The mystic blast hits Duvessa!
Duvessa is heavily wounded.
Duvessa is knocked back by the mystic blast.
Unknown command.
Duvessa attacks as she pursues you! Duvessa hits you with a +0 short sword.
Duvessa completely misses you. Duvessa misses you.
There is a stone staircase leading up here.
Casting: Iskenderun's Mystic Blast (quite dangerous; 11% risk of failure)
Confirm with . or Enter, or press ? or * to list all spells.
You don't have enough magic to cast this spell.
Okay, then.
You barely miss Duvessa.
Duvessa is heavily wounded.
Duvessa hits you with a +0 short sword.
You completely miss Duvessa.
Duvessa is heavily wounded.
Duvessa hits you with a +0 short sword!
* * * LOW HITPOINT WARNING * * *
Duvessa hits you with a +0 short sword.
* * * LOW HITPOINT WARNING * * *
Unknown command.
You hit Duvessa.
Duvessa is heavily wounded.
Duvessa hits you with a +0 short sword!
You die...

#..........# #
#..........###..
#...............
#...........#
####...........#
#..............#
#<....#+#+#....#
......#.#.####.###
##.####.#.# #.e@#
#.####.#.# #.### #
##........# #...###.#
........#.# #.......#
###.....#.####.......#
#.#####.#...........
###...................
.....####........[....
##†..# #...........>.


You could see Duvessa (berserk).

Vanquished Creatures
  A phantom (D:4)
  Dowan (D:5)
  2 hounds
  2 iguanas (D:4)
  Jessica (D:3)
  Terence (D:3)
  2 orc wizards
  A sickly merfolk siren (Sewer)
  A malarious merfolk avatar (Sewer)
  4 gnolls
  5 adders
  3 river rats
  2 worms (D:3)
  3 dart slugs
  7 orcs
  8 endoplasms
  5 giant cockroaches
  11 goblins
  5 hobgoblins
  4 jackals
  7 quokkas
  14 ball pythons
  3 bats
  9 frilled lizards
  3 kobolds
  27 rats
132 creatures vanquished.

Notes
Turn   | Place    | Note
-------+----------+-------------------------------------------
     0 | D:1      | Moonkey the Deep Elf Conjurer began the quest for the Orb.
     0 | D:1      | Reached XP level 1. HP: 10/10 MP: 6/6
   220 | D:1      | Reached XP level 2. HP: 16/16 MP: 0/8
   449 | D:1      | Learned a level 2 spell: Searing Ray
  1016 | D:2      | Reached XP level 3. HP: 20/20 MP: 6/10
  1162 | D:2      | Reached skill level 1 in Fighting
  1591 | D:3      | Noticed Jessica
  1769 | D:3      | Noticed Terence
  1797 | D:3      | Reached XP level 4. HP: 19/25 MP: 7/12
  1921 | D:3      | Found a burning altar of Makhleb.
  1921 | D:3      | Found a shimmering altar of Xom.
  1929 | D:3      | Found a faded altar of an unknown god.
  1931 | D:3      | Found a faded altar of an unknown god.
  1933 | D:3      | Found a stormy altar of Qazlal.
  1976 | D:3      | Learned a level 4 spell: Iskenderun's Mystic Blast
  2103 | D:3      | Reached skill level 5 in Conjurations
  2463 | D:3      | Reached XP level 5. HP: 29/29 MP: 5/13
  2784 | D:3      | Killed Terence
  3028 | D:3      | Killed Jessica
  3029 | D:3      | Reached skill level 1 in Translocations
  3083 | D:4      | Identified a scroll of acquirement
  3083 | D:4      | Identified the of Wyosaeko (You acquired it on level 4 of
                  | the Dungeon)
  3083 | D:4      | Acquired the +2 cloak of Vebix {Int+4}
  3147 | D:4      | Noticed a phantom
  3414 | D:4      | Reached skill level 5 in Spellcasting
  3414 | D:4      | Reached XP level 6. HP: 22/35 MP: 11/15
  3423 | D:4      | Found a glowing drain.
  3518 | Sewer    | Entered a sewer
  4651 | D:4      | Found a staircase to the Ecumenical Temple.
  4666 | D:4      | Reached XP level 7. HP: 40/40 MP: 9/17
  4669 | Temple   | Entered the Ecumenical Temple
  4686 | Temple   | Became a worshipper of Vehumet
  4917 | D:5      | Entered Level 5 of the Dungeon
  5059 | D:5      | Noticed Dowan
  5064 | D:5      | Killed Dowan
  5064 | D:5      | Noticed Duvessa
  5065 | D:5      | Reached skill level 6 in Conjurations
  5103 | D:5      | Slain by Duvessa

Illustrated notes

Levels and vault maps discovered:
D:1:      zaba_arrival_water, layout_basic, minmay_liquid_box
D:2:      layout_rooms
D:3:      layout_loops_ring, chequers_temple_overflow_minitemple, uniq_terence,
          uniq_jessica
D:4:      layout_gridville, minmay_temple_entry_mist, portal_sewer_entry_b,
          hex_large, hangedman_decor_points
D:5:      layout_basic, reono_crystal_passage, uniq_crazy_yiuf_cottage,
          uniq_edmund, uniq_duvessa
Temple:   nicolae_temple_figure_eight

Skill      XL: |  1  2  3  4  5  6  7 |
---------------+----------------------+-----
Fighting       | 1 2 |  2.7
Dodging        | 3 4 |  4.0
Stealth        | 3 4 |  4.1
Spellcasting   | 4 5 |  5.8
Conjurations   | 5 6 |  6.0
Translocations | 1 2 |  2.0

Action                     |  1- 3 |  4- 6 |  7- 9 || total
---------------------------+-------+-------+-------++-------
  Melee: Staff             |       |       |     3 ||     3
  Throw: Dart              |       |     3 |       ||     3
   Cast: Magic Dart        |    70 |   148 |    10 ||   228
         Searing Ray       |     2 |    17 |     3 ||    22
         Iskenderun's Myst |       |       |     2 ||     2
    Use: Scroll            |       |     7 |       ||     7
 Armour: Robe              |     7 |    23 |    10 ||    40
  Dodge: Dodged            |     5 |    24 |     3 ||    32

Table legend: (Time is in decaauts)
 A = Elapsed time spent in this place.
 B = Non-inter-level travel time spent in this place.
 C = Inter-level travel time spent in this place.
 D = Time resting spent in this place.
 E = Time spent auto-exploring this place.
 F = Levels seen in this place.
 G = Mean time per level.
                   A        B        C        D        E       F      G
               +--------+--------+--------+--------+--------+-----+--------+
         Total |   5176 |   4879 |    297 |   1493 |   2457 |   7 |  739.4 |
       Dungeon |   4197 |   3930 |    267 |   1039 |   2216 |   5 |  839.4 |
        Temple |     65 |     35 |     30 |      0 |     33 |   1 |   65.0 |
         Sewer |    912 |    912 |      0 |    454 |    208 |   1 |  912.0 |
               +--------+--------+--------+--------+--------+-----+--------+

Top non-repeatable levels by time:
     D:3: 1443 daAuts
     D:2: 925 daAuts
   Sewer: 912 daAuts
     D:4: 851 daAuts
     D:1: 823 daAuts
     D:5: 153 daAuts
  Temple: 65 daAuts
